Cogmind - Beta 16 --- EXPLORER MODE // 2025.11.04 @ 16:07:20 Player: K.K.Y. Result: Destroyed by as-26489 with Assembled Blade Performance ------------- Evolutions (0) 0 Regions Visited (2) 400 Robots Destroyed (0) 0 Value Destroyed (0) 0 Prototype IDs (0) 0 Alien Tech Used (0) 0 Bonus (35) 35 TOTAL SCORE: 435 Bonus ------- Follower Combat Kills 35 Cogmind --------- Core Integrity 0/250 Matter 300/300 Energy 100/100 System Corruption 3% Temperature Cool (0) Movement Walking (120) Location -10/Mines Parts ------- > --- POWER (1) -------- (None) > --- PROPULSION (3) --- Flexi-carbon Leg > --- UTILITY (2) ------ Medium Storage Unit > --- WEAPON (2) ------- (None) > --- INVENTORY (10) --- Aluminum Leg Aluminum Leg Huge Storage Unit Improved Terrain Scanner Sensor Drone Bay Datajack Peak State ------------ > --- POWER ------------ Ion Engine > --- PROPULSION ------- Aluminum Leg Aluminum Leg Flexi-carbon Leg > --- UTILITY ---------- Medium Storage Unit > --- WEAPON ----------- Assault Rifle > --- INVENTORY -------- Aluminum Leg Aluminum Leg Huge Storage Unit Improved Terrain Scanner Sensor Drone Bay Datajack [Rating: 11] Favorites ----------- Power Ion Engine Engine Ion Engine Propulsion Aluminum Leg Leg Aluminum Leg Utility Medium Storage Unit Storage Medium Storage Unit Processor Improved Targeting Computer Weapon Assault Rifle Ballistic Gun Assault Rifle Build | -11 -10 -10 ------- Run | Yrd Mat Min Slots Evolved 1 | . 1 . Power . | . . . Propulsion 1 | . 1 . Utility . | . . . Weapon . | . . . Parts Attached 9 | 5 3 1 Power 1 | 1 . . Engine 1 | 1 . . Core . | . . . Reactor . | . . . Propulsion 4 | 2 1 1 Treads . | . . . Leg 4 | 2 1 1 Wheel . | . . . Hover . | . . . Flight . | . . . Utility 2 | 1 1 . Device . | . . . Storage 1 | 1 . . Processor 1 | . 1 . Hackware . | . . . Protection . | . . . Artifact . | . . . Weapon 2 | 1 1 . Energy Gun . | . . . Energy Cannon . | . . . Ballistic Gun 2 | 1 1 . Ballistic Cannon . | . . . Launcher . | . . . Special Weapon . | . . . Impact Weapon . | . . . Slashing Weapon . | . . . Piercing Weapon . | . . . Special Melee Weapon . | . . . Unidentified Prototypes . | . . . Parts Lost 7 | . . 7 Power 1 | . . 1 Propulsion 3 | . . 3 Utility 1 | . . 1 Weapon 2 | . . 2 Highest Loss Streak 5 | . . 5 To Critical Strikes . | . . . Average Backups 3 | 2 . 4 Power . | . . . Propulsion 1 | 1 . 1 Utility 1 | . . 1 Weapon . | . . . Tool/Special . | . . . Unused Backups 6 | . . 6 Power . | . . . Propulsion 2 | . . 2 Utility 3 | . . 3 Weapon . | . . . Tool/Special 1 | . . 1 Average Slot Usage (%) 78 | . 84 76 Engine 10 | . 12 9 Leg 31 | . 29 32 Storage 12 | . 12 12 Processor 8 | . 10 7 Ballistic Gun 15 | . 18 13 Peak Build Rating 11 | 5 10 11 Average Rating 8 | 1 8 8 On Entrance 5 | . 5 10 Avg Prop Armor Cover (%) 25 | . . 25 Naked Turns . | . . . Heaviest Build 20 | 17 20 20 Greatest Support 40 | 20 30 40 Greatest Overweight (x) 3 | . . 3 Average Overweight (x) . | . . . Largest Inventory Capacity 10 | 10 10 10 Average Capacity 9 | 6 10 10 Most Carried 7 | 5 1 7 Average Carried 3 | 2 . 4 Final Capacity 10 | 10 10 10 Final Carried 6 | . 1 6 Class Distribution -------------------- 100% | Hacker-Mutant Dominant Class ---------------- Hacker-Mutant | -10/Materials Hacker-Mutant | -10/Mines Resources | -11 -10 -10 ----------- Run | Yrd Mat Min Matter Collected 350 | 239 31 80 Remotely . | . . . Salvage Created 67 | . . 67 Parts . | . . . Haulers Intercepted . | . . . Recyclers Shooed . | . . . Parts Field Recycled . | . . . Retrieved Matter . | . . . Parts Self-Destructed . | . . . Prevented . | . . . Parts Restored . | . . . Kills | -11 -10 -10 ------- Run | Yrd Mat Min Combat Hostiles Destroyed 4 | . . 4 Guns 4 | . . 4 Classes Destroyed 1 | . . 1 Assembled 4 | . . 4 Best Kill Streak 2 | . . 2 Combat Bots Only 2 | . . 2 Max Kills in Single Turn 1 | . . 1 Gunslinging . | . . . Exploded . | . . . Melee . | . . . Uniques/NPCs Destroyed . | . . . Combat | -11 -10 -10 -------- Run | Yrd Mat Min Hostile Shots Fired 87 | . 9 78 Missed 22 | . 4 18 Hits 65 | . 5 60 Melee 18 | . . 18 Projectile 47 | . 5 42 AOE 11 | . . 11 Critical Strikes 1 | . 1 . Part Disruptions 1 | . . 1 Damage Taken 921 | . 46 875 Core 250 | . 14 236 Absorbed by Shields . | . . . Ignored by Resistances 552 | . 30 522 Core Remaining (%) 100 | 100 . . Volleys Fired 22 | . . 22 Largest 2 | . . 2 Hottest 43 | . . 43 Shots Fired 24 | . . 24 Gun 24 | . . 24 Cannon . | . . . Launcher . | . . . Special . | . . . Kinetic 24 | . . 24 Thermal . | . . . Explosive . | . . . Electromagnetic . | . . . Robot Hit Streak 11 | . . 11 Robot Miss Streak 1 | . . 1 Penetration Max . | . . . Secondary Targets . | . . . Shots Hit Robots 21 | . . 21 Core Hits 9 | . . 9 Critical Kills . | . . . Critical Parts Destroyed . | . . . Critical Strikes . | . . . Melee Attacks . | . . . Impact . | . . . Slashing . | . . . Piercing . | . . . Sneak Attacks . | . . . Combat Hostiles . | . . . Follow-up Attacks . | . . . Damage Inflicted 286 | . . 286 Guns 276 | . . 276 Cannons . | . . . Explosions . | . . . Melee . | . . . Ramming 10 | . . 10 Kinetic 276 | . . 276 Thermal . | . . . Explosive . | . . . Electromagnetic . | . . . Impact . | . . . Slashing . | . . . Piercing . | . . . Highest Corruption 3 | . . 3 Average Corruption 2 | . . 2 Corruption Purged . | . . . Corruption Blocked . | . . . Effects 1 | . . 1 Heat Flow Errors 1 | . . 1 Overload Shots . | . . . Overflow Damage . | . . . Projectiles . | . . . Explosions . | . . . Melee . | . . . Knockbacks . | . . . Impact . | . . . Kinetic . | . . . Secondary . | . . . Self-Inflicted Damage . | . . . Shots . | . . . Rammed . | . . . Targets Rammed 5 | . . 5 Kicked 5 | . . 5 Crushed . | . . . Highest Temperature 190 | . . 190 Average Temperature 59 | . . 59 Received Heat Transfer 216 | . . 216 Siege Activations . | . . . Martial Activations . | . . . Shielding Activations . | . . . Robots Disrupted . | . . . Combat Hostiles . | . . . Robots Corrupted . | . . . Combat Hostiles . | . . . Parts Fried . | . . . Impact Corruptions . | . . . Robots Melted . | . . . Combat Hostiles . | . . . Parts Melted . | . . . Heat Transferred . | . . . Parts Sabotaged . | . . . Parts Stolen . | . . . Parts Stripped . | . . . Power Chain Reactions . | . . . Alert | -11 -10 -10 ------- Run | Yrd Mat Min Maximum Alert Level . | . . . Low Security (%) 100 | 100 100 100 Level 1 . | . . . Level 2 . | . . . Level 3 . | . . . Level 4 . | . . . Level 5 . | . . . High Security . | . . . Max Security . | . . . Peak Influence 31 | . 10 31 Initial . | . . . Average . | . . . Influence Increases 41 | . 10 31 Destroy 0b10 Robot/C 20 | . . 20 Destroy Leader 10 | . . 10 Allied During Kill 1 | . . 1 Successful Hack 10 | . 10 . Influence Decreases 41 | . 10 31 Time Decay 25 | . 10 15 Lost Ally 16 | . . 16 Squads Dispatched . | . . . Investigation . | . . . Extermination . | . . . Reinforcement . | . . . Assault . | . . . Garrison . | . . . Intercept . | . . . Searches Triggered . | . . . Construction Impeded . | . . . Haulers Reinforced . | . . . Active Scanning Responses . | . . . Cargo Convoy Interrupts . | . . . Stealth | -11 -10 -10 --------- Run | Yrd Mat Min Distress Signals . | . . . Communications Jammed . | . . . Distress Signals . | . . . Times Spotted 29 | . 5 24 Peak Tracking Total 14 | . 4 14 Tactical Retreats 3 | . . 3 Traps | -11 -10 -10 ------- Run | Yrd Mat Min Traps Triggered 1 | . 1 . Indirectly . | . . . Trap Hack Attempts . | . . . Triggered . | . . . Disarmed . | . . . Reprogrammed . | . . . Reused . | . . . Traps Extracted . | . . . Installed . | . . . Triggered . | . . . Machines | -11 -10 -10 ---------- Run | Yrd Mat Min Machines Disabled . | . . . Max in Single Turn . | . . . Machines Repaired . | . . . Machines Dismantled . | . . . Machines Sabotaged . | . . . Overloaded Fab Kills . | . . . Hacking | -11 -10 -10 --------- Run | Yrd Mat Min Machines Accessed 4 | . 3 1 Terminals 1 | . 1 . Fabricators . | . . . Repair Stations . | . . . Recycling Units 2 | . 2 . Scanalyzers . | . . . Garrison Access . | . . . Total Hacks 6 | . 5 1 Successful 3 | . 2 1 Failed 3 | . 3 . Catastrophic . | . . . Database Lockouts . | . . . Manual . | . . . Terminals 1 | . 1 . Fabricators . | . . . Repair Stations . | . . . Recycling Units 4 | . 4 . Scanalyzers . | . . . Garrison Access . | . . . Terminal Hacks 2 | . 1 1 Open Door 1 | . . 1 Zone Layout 1 | . 1 . Fabricator Hacks . | . . . Repair Station Hacks . | . . . Recycling Unit Hacks 1 | . 1 . Retrieve Components 1 | . 1 . Scanalyzer . | . . . Garrison Access Hacks . | . . . Unauthorized Hacks . | . . . Terminals . | . . . Fabricators . | . . . Repair Stations . | . . . Recycling Units . | . . . Scanalyzers . | . . . Garrison Access . | . . . Data Cores Recovered . | . . . Used . | . . . Hacking Detections 2 | . 2 . Full Trace Events . | . . . Feedback Events . | . . . Feedback Blocked . | . . . Robot Schematics Acquired . | . . . Robots Built . | . . . Authchips . | . . . Time . | . . . Total Robot Build Rating . | . . . Part Schematics Acquired . | . . . Parts Built . | . . . Authchips . | . . . Time . | . . . Total Part Build Rating . | . . . Part Studies Acquired . | . . . Parts Repaired . | . . . Time . | . . . Parts Recycled . | . . . Recycled Matter . | . . . Retrieved Matter . | . . . Retrieved Components 1 | . 1 . Parts Scanalyzed . | . . . Part Schematics Acquired . | . . . Parts Damaged . | . . . Bothacking | -11 -10 -10 ------------ Run | Yrd Mat Min Used RIF Installer . | . . . Robots Hacked . | . . . Non-combat . | . . . Combat . | . . . Robot Hacks Applied . | . . . Relay Couplers Released . | . . . Fabnet Peak Effective % . | . . . Robots Rewired . | . . . Allies Hacked . | . . . Hacks Repelled . | . . . Allies | -11 -10 -10 -------- Run | Yrd Mat Min Total Allies 3 | . . 3 Largest Group 3 | . . 3 Highest-Rated Group 40 | . . 40 Highest-Rated Ally 16 | . . 16 Total Orders . | . . . Ally Attacks 5 | . . 5 Total Damage 70 | . . 70 Kills 1 | . . 1 Allies Corrupted . | . . . Allies Melted . | . . . Intel | -11 -10 -10 ------- Run | Yrd Mat Min Active Infowar (turns) . | . . . Robot Analysis Total . | . . . Derelict Logs Recovered . | . . . Drone Launches . | . . . Drone Recoveries . | . . . Exploration | -11 -10 -10 ------------- Run | Yrd Mat Min Turns Passed 627 | 34 182 411 Spaces Moved 426 | 40 141 245 Core 53 | 33 . 20 Treads . | . . . Legs 373 | 7 141 225 Wheels . | . . . Hover . | . . . Flight . | . . . Fastest Speed 50 | 50 120 120 Average Speed 118 | 62 120 126 Slowest Speed 200 | 120 120 200 Overloaded Moves . | . . . Propulsion Burnouts . | . . . Robots Hopped . | . . . Potential Cave-ins . | . . . Cave-ins Triggered . | . . . Exploration Rate (%) 31 | 4 29 60 Regions Visited 2 Branch Regions 1 Pre-discovered Areas . | . . . Known Exits Taken 2 | 1 1 . Unknown Exits Taken . | . . . Scrap Searched 1 | . . 1 Spaces Dug . | . . . Terrain Destroyed . | . . . Melee . | . . . Projectile . | . . . AOE . | . . . Terrain Rammed . | . . . Walls Destroyed . | . . . Machines Disabled . | . . . Actions | -11 -10 -10 --------- Run | Yrd Mat Min Total 524 | 49 154 321 Wait 49 | . 7 42 Move 424 | 39 140 245 Hop . | . . . Pick Up 15 | 5 4 6 Fast Attach . | . . . Attach 9 | 5 3 1 Detach . | . . . Swap . | . . . Drop . | . . . Fire 22 | . . 22 Melee . | . . . Ram . | . . . Kick 5 | . . 5 Crush . | . . . Escape Stasis . | . . . Rewire . | . . . Trap . | . . . Miscellaneous . | . . . Route ------- -11/Scrapyard -10/Materials -10/Mines (discovered 1 exit: *Mat) History --------- Turn | Location | Event 16 | -11/Scrapyard | Identified exit to Materials 16 | -11/Scrapyard | Discovered exit to Materials (range 16) 35 | -11/Scrapyard | Entered Materials 35 | -10/Materials | Evolved 1 slot: Propulsion x1 211 | -10/Materials | Identified exit to Mines 211 | -10/Materials | Discovered exit to Mines (range 6) 217 | -10/Materials | Entered Mines 260 | -10/Mines | Met a Derelict bent on vengeance 274 | -10/Mines | Identified exit to Materials 274 | -10/Mines | Discovered exit to Materials (range 5) 280 | -10/Mines | Assisted by bots powering up and referring to "LRC-V3" 300 | -10/Mines | Build established: Hacker-Mutant 320 | -10/Mines | Assembled infested the area 325 | -10/Mines | Assisted by a Guerilla fighting off Assembled 375 | -10/Mines | Lost 4 allies 389 | -10/Mines | Found the Drone Emporium 394 | -10/Mines | Found Prototype Device 546 | -10/Mines | Core integrity fell below 50% 587 | -10/Mines | Core integrity fell below 20% 589 | -10/Mines | Lost 5 parts (1p3n1w) 628 | -10/Mines | Destroyed by as-26489 with Assembled Blade Last Messages --------------- 00497_ Acquired Imp. Terrain Scanner. 00502_ System corrupted: Heat flow error (+210). 00516_ Aluminum Leg destroyed. 00516_ System corrupted by crushing effect (+1). 00518_ as-88092 destroyed. 00520_ U-05 Engineer builds a Wall. 00521_ Acquired 16 matter. 00521_ U-05 Engineer builds a Wall. 00522_ Assault Rifle destroyed. 00523_ Ion Engine destroyed. 00527_ K-01 Serf destroyed. 00544_ Kicked as-51822 out of the way. 00544_ Aluminum Leg destroyed. 00545_ Kicked as-26489. 00547_ Kicked as-89878 out of the way. 00558_ Aluminum Leg destroyed. 00571_ Kicked as-26489. 00602_ S-10 Pest destroyed. 00606_ as-51822 destroyed. 00610_ S-10 Pest destroyed. Map ----- +----------------------------------------------------+ | ??????## ### ###??# #### ##??????????? | | ?????## #### # # ## ##?# #??####???????????? | | ?????# ## ]## #?????????????????? | | ?????# # !% %! = = % #?????????????????? | | ?????#" ## % *% %] #?????????????????? | | ?????##"#?#!=# ## ##= ##?????????????????? | | ??????# ###%! # # #####??????????????????? | | ??????# %%!!## ### #####??????????????????????? | | ??????#####!%###%!#######????????????????????????? | | ?????????## | %|%% #????????????????????????? | | ???????### !!% * % ?????????????????????? | | ??????## !##### #????????????????????????? | | ??????# ##??????????????????????????????? | | ?????##* ### #???????????????????????????????? | | ?????#= ##?## ###### #????????????????????????? | | ?????#%=#???# % % % #????????????????????????? | | ?????####???# ##### %?????????????????????? | | ???????????## ##??????????????????????????????? | | ???????##### =%###########??????????????????????? | | ????#### #??????????????????????? | | ???##! % #??????????????????????? | | ####=%= ######### #??????????????????????? | | # * ##???????# #??????????????????????? | | % ## #????????# #??????????????????????? | | % ########## #???????#%#??????????????????????? | | %##????????## #??######@####???????????????????? | | #??????????## #?# *%a #???????????????????? | | #???????????# ## #???????????????????? | | #?????????? % ## """a""" #???????????????????? | | #????????? ### """ """ #???????????????????? | | #????????? ##?# """ """ #???????????????????? | | ##????????? ##??# #???????????????????? | | ##??????????###???# """ """ #???????????????????? | | ##?????????????????# """ """ #???????????????????? | | ???????????????????# """ """ #???????????????????? | | ???????????????????# #???????????????????? | | ???????????????????# #???????????????????? | | ???????????????????# #???????????????????? | | ???????????????????###########???????????????????? | | ?????????????????????????????????????????????????? | | | | | | | | | | | | | | | | | | | | | +----------------------------------------------------+ Best States ------------- Heat Dissipation 25 Energy Generation 10 Energy Capacity 250 Matter Stores 300 Matter Capacity 300 Sight Range 16 Terrain Scan Density 10 Resistance: KI 35 Resistance: TH 35 Resistance: EX 35 Resistance: EM 35 Resistance: I 35 Resistance: S 35 Resistance: P 35 Evasion (%) 55 Targeting Accuracy 6 Offensive Hacking 20 Item Schematics ----------------- None Robot Schematics ------------------ None Fabricated ------------ Nothing Repaired ---------- Nothing Studied --------- None Alien Tech Used ----------------- None Achievements -------------- None Challenges ------------ None Game ------ Seed VariablePoweredSlamshotty Manual? 0 Play Time 00:11:27 Cumulative 33.9 hours Start 2025.11.04 @ 15:59:55 End 2025.11.04 @ 16:07:20 Sessions 1 Manual Loads 0 Difficulty Explorer Special Mode None Game No. 32 Rogue 0 Adventurer 0 Explorer 32 Win Type - Total 0 Types 0/0/0/0/0/0/0/0/0/0 Lore% 26 Gallery% 36 Achievement% 30 Wizard Run 0 Options --------- Layout 1 ASCII 0 Keyboard 0 Movement Mouse Keybinds 0 Fullscreen 1 Font 24/Smallcaps Map View 50x35 Zoom Use 0% Tactical HUD 1 Map Filters NONE Filters NONE Steam 1 RUN: c9c83182-4348-4922-8cbf-4fe941f8c67f